 Dungeon Crawl Stone Soup version 0.29.1-12-g30fa7ad0bf (webtiles) character file.

Game seed: 3633519077094882048

970 wormed the Ducker (level 8, -14/67 HPs)
             Began as a Gnoll Monk on Dec 25, 2022.
             Was a Believer of Okawaru.
             Demolished by an orc warrior
             ... wielding a +0 halberd
              (20 damage)
             ... on level 6 of the Dungeon.
             The game lasted 00:13:04 (8756 turns).

wormed the Ducker (Gnoll Monk)                      Turns: 8756, Time: 00:13:05

Health: -14/67     AC:  7    Str: 11    XL:     8   Next: 16%
Magic:  12/12      EV: 11    Int:  9    God:    Okawaru [**....]
Gold:   67         SH:  5    Dex: 17    Spells: 13/13 levels left

rFire   . . .      SeeInvis +   a - +0 short sword
rCold   . . .      Faith    .   g - +0 buckler
rNeg    + . .      Spirit   .   p - +0 scale mail
rPois   .          Reflect  .   (no helmet)
rElec   .          Harm     .   (no cloak)
rCorr   .          Rampage  .   m - +0 pair of gloves
Will    .....                   (no boots)
Stlth   ++........              z - amulet of regeneration
HPRegen 1.01/turn               o - ring of positive energy
MPRegen 0.13/turn               u - ring of see invisible

@: no status effects
A: fangs 1, strong nose, distributed training
a: Renounce Religion, Heroism


You were on level 6 of the Dungeon.
You worshipped Okawaru.
Okawaru was pleased with you.
You visited 2 branches of the dungeon, and saw 7 of its levels.

You collected 367 gold pieces.
You spent 300 gold pieces at shops.

Inventory:

Hand Weapons
 a - a +0 short sword (weapon)
Missiles
 q - 7 poisoned darts (quivered)
 y - 5 datura-tipped darts
Armour
 g - a +0 buckler (worn)
 m - a +0 pair of gloves (worn)
 p - a +0 scale mail (worn)
Jewellery
 o - a ring of positive energy (left hand)
 s - a ring of fire
 u - a ring of see invisible (right hand)
 z - an amulet of regeneration (around neck)
 A - a ring of resist corrosion
Wands
 k - a wand of charming (5)
 w - a wand of acid (13)
Scrolls
 c - 2 scrolls of poison {unknown}
 e - 7 scrolls of identify {unknown}
 f - 3 scrolls of teleportation
 h - a scroll of silence {unknown}
 i - 2 scrolls of noise {unknown}
 t - a scroll of magic mapping {unknown}
 v - 3 scrolls of immolation {unknown}
 x - a scroll of vulnerability {unknown}
 B - a scroll of summoning {unknown}
Potions
 b - a potion of magic {unknown}
 d - 5 potions of heal wounds {unknown}
 j - a potion of might {unknown}
 l - 2 potions of degeneration {unknown}
 n - 2 potions of lignification {unknown}
 r - 2 potions of curing {unknown}


   Skills:
 + Level 7.3 Fighting
 + Level 7.3 Short Blades
 + Level 3.1 Long Blades
 + Level 3.1 Axes
 + Level 3.1 Maces & Flails
 + Level 3.1 Polearms
 + Level 3.1 Staves
 + Level 3.1 Ranged Weapons
 + Level 3.1 Throwing
 + Level 3.1 Armour
 + Level 7.3 Dodging
 + Level 5.3 Stealth
 + Level 3.1 Shields
 + Level 3.1 Unarmed Combat
 + Level 3.1 Spellcasting
 + Level 2.5 Conjurations
 + Level 2.5 Hexes
 + Level 2.5 Summonings
 + Level 2.5 Necromancy
 + Level 2.5 Translocations
 + Level 2.5 Transmutations
 + Level 2.5 Fire Magic
 + Level 2.5 Ice Magic
 + Level 2.5 Air Magic
 + Level 2.5 Earth Magic
 + Level 2.5 Poison Magic
 + Level 3.4 Invocations
 + Level 3.1 Evocations


You had 13 spell levels left.
You didn't know any spells.
Your spell library contained the following spells:

 Spells                   Type           Power      Damage    Failure   Level
 Apportation              Tloc           12%        N/A       58%         1
 Freeze                   Ice            24%        1d5       58%         1
 Necrotise                Necr           24%        1d5       58%         1
 Frozen Ramparts          Ice            12%        1d2       92%         3
 Hailstorm                Conj/Ice       6%         3d4       100%        4
 Summon Small Mammal      Summ           Unusable   N/A       N/A         1

Dungeon Overview and Level Annotations

Branches:
Dungeon (6/15)             Temple (1/1) D:4

Altars:
Ashenzari
Cheibriados
Dithmenos
Elyvilon
Gozag
Kikubaaqudgha
Nemelex Xobeh
Okawaru
Qazlal
Sif Muna
Trog
Uskayaw
Vehumet
Wu Jian
Xom
Zin
The Shining One

Shops:
D:1 [   D:5 =


Innate Abilities, Weirdness & Mutations

You have very sharp teeth.
Your uncanny sense of smell can sniff out nearby items.
Your experience applies equally to all skills.


Message History

The orc wizard hits you but does no damage.
You hit the orc wizard.
The orc wizard is lightly wounded.
The orc warrior hits you from afar with a +0 halberd!
The orc wizard hits you but does no damage.
You closely miss the orc wizard.
The orc wizard is lightly wounded.
You block the orc warrior's attack.
The orc wizard hits you with a +0 dagger.
You hit the orc wizard.
The orc wizard is lightly wounded.
The orc wizard hits you with a +0 dagger.
You block the orc warrior's attack.
You barely miss the orc wizard.
The orc wizard is lightly wounded.
You hit the orc wizard but do no damage.
The orc wizard is lightly wounded.
The orc warrior hits you from afar with a +0 halberd!
The orc wizard hits you but does no damage.
You closely miss the orc wizard.
The orc wizard is lightly wounded.
The orc warrior hits you from afar with a +0 halberd!
You block the orc wizard's attack.
You barely miss the orc wizard.
The orc wizard is lightly wounded.
The orc warrior hits you from afar with a +0 halberd!
* * * LOW HITPOINT WARNING * * *
The orc wizard closely misses you.
You hit the orc wizard but do no damage.
The orc wizard is lightly wounded.
You barely miss the orc wizard.
You bite the orc wizard, but do no damage.
The orc wizard is lightly wounded.
The orc warrior hits you from afar with a +0 halberd.
* * * LOW HITPOINT WARNING * * *
The orc wizard hits you but does no damage.
You hit the orc wizard.
The orc wizard is moderately wounded.
The orc warrior hits you from afar with a +0 halberd!!
You die...

## #+
########[.#
#.o##.........#
#.oo@.........+
#!.##...#######
#. ##...# #
#....# #....#
##...# ###'###
#.......#
#.....#
#.......#
#.....#


You could see an orc warrior, an orc wizard and an orc.

Vanquished Creatures
  Grinder (D:2)
  A sky beast (D:5)
  A black bear (D:4)
  An ogre (D:4)
  A scorpion (D:5)
  2 hounds (D:5)
  An orc priest (D:3)
  Ijyb (D:3)
  4 iguanas
  10 adders
  An ufetubus (D:4)
  7 worms
  8 orcs
  4 bats
  8 endoplasms
  A giant cockroach (D:2)
  13 goblins
  8 hobgoblins
  4 jackals (D:3)
  5 quokkas
  10 ball pythons
  2 frilled lizards
  7 kobolds
  8 rats
109 creatures vanquished.

Notes
Turn   | Place    | Note
-------+----------+-------------------------------------------
     0 | D:1      | wormed the Gnoll Monk began the quest for the Orb.
     0 | D:1      | Reached XP level 1. HP: 23/23 MP: 1/1
   210 | D:1      | Reached XP level 2. HP: 24/29 MP: 2/2
   333 | D:1      | Found a faded altar of an unknown god.
   427 | D:1      | Found Buser's Antique Armour Shop.
   819 | D:2      | Reached XP level 3. HP: 22/35 MP: 3/3
  1022 | D:2      | Reached skill level 1 in Invocations
  1097 | D:2      | Reached skill level 1 in Long Blades
  1097 | D:2      | Reached skill level 1 in Axes
  1097 | D:2      | Reached skill level 1 in Maces & Flails
  1097 | D:2      | Reached skill level 1 in Polearms
  1097 | D:2      | Reached skill level 1 in Staves
  1097 | D:2      | Reached skill level 1 in Ranged Weapons
  1097 | D:2      | Reached skill level 1 in Throwing
  1097 | D:2      | Reached skill level 1 in Armour
  1097 | D:2      | Reached skill level 1 in Shields
  1097 | D:2      | Reached skill level 1 in Unarmed Combat
  1097 | D:2      | Reached skill level 1 in Spellcasting
  1097 | D:2      | Reached skill level 1 in Evocations
  1483 | D:2      | Reached XP level 4. HP: 21/41 MP: 5/5
  1763 | D:2      | Reached skill level 1 in Conjurations
  1763 | D:2      | Reached skill level 1 in Hexes
  1763 | D:2      | Reached skill level 1 in Summonings
  1763 | D:2      | Reached skill level 1 in Necromancy
  1763 | D:2      | Reached skill level 1 in Translocations
  1763 | D:2      | Reached skill level 1 in Transmutations
  1763 | D:2      | Reached skill level 1 in Fire Magic
  1763 | D:2      | Reached skill level 1 in Ice Magic
  1763 | D:2      | Reached skill level 1 in Air Magic
  1763 | D:2      | Reached skill level 1 in Earth Magic
  1763 | D:2      | Reached skill level 1 in Poison Magic
  3039 | D:3      | Noticed Ijyb
  3050 | D:3      | Noticed Grinder
  3319 | D:2      | Paralysed by Grinder for 5 turns
  3353 | D:3      | Reached XP level 5. HP: 14/47 MP: 7/7
  4102 | D:3      | Killed Ijyb
  4287 | D:2      | Paralysed by Grinder for 3 turns
  4309 | D:2      | Paralysed by Grinder for 4 turns
  4315 | D:2      | Paralysed by Grinder for 3 turns
  4321 | D:2      | Paralysed by Grinder for 4 turns
  4338 | D:2      | Paralysed by Grinder for 4 turns
  4344 | D:2      | Killed Grinder
  4345 | D:2      | Reached XP level 6. HP: 6/53 MP: 7/9
  4933 | D:4      | Noticed a black bear
  4959 | D:4      | Killed a black bear
  4960 | D:4      | Reached XP level 7. HP: 31/60 MP: 10/10
  5186 | D:4      | Found a staircase to the Ecumenical Temple.
  5679 | Temple   | Entered the Ecumenical Temple
  5937 | Temple   | Became a worshipper of Warmaster Okawaru
  5937 | Temple   | Reached * piety under Okawaru
  5937 | Temple   | Reached ** piety under Okawaru
  6317 | D:5      | Entered Level 5 of the Dungeon
  6553 | D:5      | Reached skill level 5 in Stealth
  8022 | D:5      | Reached XP level 8. HP: 42/67 MP: 12/12
  8288 | D:5      | Found Dofuont's Jewellery Boutique.
  8291 | D:5      | Bought an amulet of regeneration for 300 gold pieces
  8587 | D:6      | Found a bloodstained altar of Trog.
  8590 | D:6      | Found an opulent altar of Gozag.
  8756 | D:6      | Demolished by an orc warrior

Illustrated notes

Levels and vault maps discovered:
D:1:      spicycebolla_arrival_transporter_tutorial, layout_basic,
          shapermc_ecumenical_altar_starsandcircs, serial_shops, shop
D:2:      layout_basic, serial_rivers, chequers_serial_rivers_room_b,
          chequers_serial_rivers_micro_a, chequers_serial_rivers_micro_a,
          chequers_serial_rivers_room_a, minmay_split_cup_large
D:3:      layout_rooms, uniq_ijyb, uniq_grinder
D:4:      layout_cave_pools, minmay_temple_entry_mist, hangedman_decor_riveting
D:5:      layout_loops_ring, serial_shops, kennysheep_mini,
          guppyfry_early_lair_pool
D:6:      layout_gridville, mainiacjoe_overflow_catwalk_spiral
Temple:   regret_index_temple_generic_petals

Skill      XL: |  1  2  3  4  5  6  7 |
---------------+----------------------+-----
Invocations    | 1 2 3 |  3.4
Long Blades    | 1 2 3 |  3.1
Axes           | 1 2 3 |  3.1
Maces & Flails | 1 2 3 |  3.1
Polearms       | 1 2 3 |  3.1
Staves         | 1 2 3 |  3.1
Ranged Weapons | 1 2 3 |  3.1
Throwing       | 1 2 3 |  3.1
Armour         | 1 2 3 |  3.1
Shields        | 1 2 3 |  3.1
Unarmed Combat | 1 2 3 |  3.1
Spellcasting   | 1 2 3 |  3.1
Evocations     | 1 2 3 |  3.1
Conjurations   | 1 2 |  2.5
Hexes          | 1 2 |  2.5
Summonings     | 1 2 |  2.5
Necromancy     | 1 2 |  2.5
Translocations | 1 2 |  2.5
Transmutations | 1 2 |  2.5
Fire Magic     | 1 2 |  2.5
Ice Magic      | 1 2 |  2.5
Air Magic      | 1 2 |  2.5
Earth Magic    | 1 2 |  2.5
Poison Magic   | 1 2 |  2.5
Fighting       | 7 |  7.3
Short Blades   | 7 |  7.3
Dodging        | 7 |  7.3
Stealth        | 5 |  5.3

Action                   |  1- 3 |  4- 6 |  7- 9 || total
-------------------------+-------+-------+-------++-------
Melee: Short sword       |   111 |   280 |   323 ||   714
       Bite              |    12 |    36 |    42 ||    90
Throw: Dart              |       |     3 |       ||     3
Evoke: Wand              |       |     3 |       ||     3
  Use: Scroll            |       |     1 |       ||     1
       Potion            |       |     1 |       ||     1
 Stab: Sleeping          |    11 |     9 |       ||    20
Armor: Robe              |     6 |     2 |       ||     8
       Scale mail        |       |   114 |    78 ||   192
Dodge: Dodged            |    54 |   147 |   124 ||   325
Block: Buckler           |     8 |    71 |    51 ||   130
